 Dungeon Crawl Stone Soup version 0.29-a0-643-ga013cefcf8 (webtiles) character file.

Game seed: 15280718331291318921

4193 mandarbmax the Stinger (level 10, -8/69 (71) HPs)
             Began as a Demonspawn Venom Mage on June 19, 2022.
             Was a Follower of Kikubaaqudgha.
             Mangled by a komodo dragon (30 damage)
             ... on level 8 of the Dungeon.
             The game lasted 00:34:45 (11855 turns).

mandarbmax the Stinger (Demonspawn Venom Mage)     Turns: 11855, Time: 00:34:46

HP:   -8/69 (71)    AC:  8    Str:  7 (9)  XL:     10   Next: 8%
MP:   12/28         EV: 13    Int: 21      God:    Kikubaaqudgha [*.....]
Gold: 623           SH:  4    Dex: 12 (13) Spells: 1/21 levels left

rFire   + . .      SeeInvis .   n - staff of air
rCold   + . .      Faith    .   (no shield)
rNeg    . . .      Spirit   .   E - +2 robe {rC+ rF+}
rPois   +          Reflect  .   (no helmet)
rElec   +          Harm     .   y - +2 cloak
rCorr   .          Rampage  .   g - +0 pair of gloves
Will    .....                   (no boots)
Stlth   ++........              (no amulet)
HPRegen 0.21/turn               f - ring of poison resistance
MPRegen 0.21/turn               p - ring of magical power

@: animating dead, very slightly contaminated, lightly drained
A: large bone plates 1, demonic guardian 2, demonic touch 2
a: Renounce Religion, Unearth Wretches


You were on level 8 of the Dungeon.
You worshipped Kikubaaqudgha.
Kikubaaqudgha was aware of your devotion.
You visited 2 branches of the dungeon, and saw 9 of its levels.
You also visited: Sewer and Ossuary.

You collected 689 gold pieces.
You spent 66 gold pieces at shops.

Inventory:

Armour
 g - a +0 pair of gloves (worn)
 m - a scarf of invisibility
 y - a +2 cloak (worn)
 D - a +0 kite shield
 E - a +2 robe of resistance (worn)
Magical Staves
 n - a staff of air (weapon)
 o - a staff of cold
Jewellery
 f - a ring of poison resistance (left hand)
 p - a ring of magical power (right hand)
 r - a ring of protection from cold
 w - a ring of fire
 x - a ring of magical power
Scrolls
 a - a scroll of blinking {unknown}
 d - 3 scrolls of fear
 e - 2 scrolls of enchant armour
 i - 2 scrolls of teleportation
 k - a scroll of noise {unknown}
 l - 4 scrolls of enchant weapon
 u - a scroll of fog
 C - a scroll of vulnerability {unknown}
 F - a scroll of summoning {unknown}
 G - a scroll of brand weapon
Potions
 b - 4 potions of magic
 c - a potion of ambrosia
 j - 6 potions of curing
 q - 4 potions of haste
 s - a potion of resistance {unknown}
 t - 2 potions of attraction
 v - 2 potions of lignification
 z - 3 potions of mutation
 A - 2 potions of heal wounds
 B - a potion of invisibility {unknown}


   Skills:
 - Level 4.0 Fighting
 - Level 5.0 Staves
 - Level 4.0 Dodging
 - Level 2.0 Stealth
 - Level 6.0 Spellcasting
 - Level 2.0 Conjurations
 + Level 3.8 Necromancy
 - Level 1.0 Transmutations
 - Level 3.0 Air Magic
 - Level 7.0 Poison Magic
 - Level 6.0 Evocations


You had one spell level left.
You knew the following spells:

 Your Spells              Type           Power      Damage    Failure   Level
a - Sting                 Tmut/Pois      92%        1d7       1%          1
b - Mephitic Cloud        Conj/Pois/Air  34%        N/A       5%          3
c - Olgreb's Toxic Radia  Pois           35%        N/A       5%          4
d - Shock                 Conj/Air       100%       1d9       3%          1
e - Swiftness             Air            28%        N/A       9%          3
f - Animate Dead          Necr           22%        N/A       21%         4
g - Anguish               Hex/Necr       7%         N/A       41%         4

Your spell library contained the following spells:

 Spells                   Type           Power      Damage    Failure   Level
 Necrotize                Necr           88%        1d8       1%          1
 Foxfire                  Conj/Fire      40%        2x1d6     6%          1
 Slow                     Hex            24%        N/A       10%         1
 Poisonous Vapours        Pois/Air       80%        N/A       1%          2
 Vampiric Draining        Necr           22%        2d7       6%          3
 Conjure Flame            Conj/Fire      10%        6-21      19%         3
 Confusing Touch          Hex            6%         N/A       28%         3
 Gell's Gravitas          Tloc           6%         N/A       28%         3
 Inner Flame              Hex/Fire       6%         N/A       28%         3
 Teleport Other           Tloc           6%         N/A       28%         3
 Airstrike                Air            14%        N/A       28%         4
 Flame Wave               Conj/Fire      10%        2d5       54%         4
 Dispersal                Tloc           3%         N/A       100%        6


Dungeon Overview and Level Annotations

Branches:
Dungeon (8/15)             Temple (1/1) D:4           Sewer (visited)
Ossuary (visited)
   Lair: D:8-11

Altars:
Ashenzari
Dithmenos
Elyvilon
Fedhas
Gozag
Hepliaklqana
Kikubaaqudgha
Makhleb
Nemelex Xobeh
Okawaru
Qazlal
Ru
Sif Muna
Trog
Uskayaw
Vehumet
Wu Jian
Yredelemnul
The Shining One

Shops:
D:2 ?

Annotations:
D:7 3 runed translucent doors, bchevrier's ghost, weakling GnWr


Innate Abilities, Weirdness & Mutations

You are partially covered in large bone plates. (SH +4)
A demonic guardian rushes to your aid.
Your touch may inflict irresistible damage on your foes.


Message History

The killer bee zombie barely misses you.
Your howler monkey zombie barely misses the unseen horror zombie.
An ice beast comes into view.
The wight closely misses you.
Your orange demon stings the killer bee zombie.
Your orange demon hits the killer bee zombie.
Okay, then.
Casting: Anguish (quite dangerous; 41% risk of failure)
Confirm with . or Enter, or press ? or * to list all spells.
Really poison near your orange demon?
Okay, then.
Casting: Olgreb's Toxic Radiance (dangerous; 5% risk of failure)
Confirm with . or Enter, or press ? or * to list all spells.
Aiming: Shock (safe; 3% risk of failure)
Press: ? - help, Shift-Dir - straight line You feel a surge of power!
The zap misses the wight.
The zap hits the unseen horror zombie!
The unseen horror zombie is moderately damaged.
You block the killer bee zombie's attack.
The komodo dragon bites you but does no damage.
Your howler monkey zombie hits the howler monkey.
The wight barely misses you.
The killer bee zombie hits you but does no damage.
Your orange demon stings the killer bee zombie.
Your orange demon hits the killer bee zombie.
The killer bee zombie looks weaker.
Casting: Shock (safe; 3% risk of failure)
Confirm with . or Enter, or press ? or * to list all spells.
Aiming: Shock (safe; 3% risk of failure)
Press: ? - help, Shift-Dir - straight line You feel a surge of power!
The zap misses the wight.
The zap hits the unseen horror zombie but does no damage.
The unseen horror zombie is moderately damaged.
You kill the howler monkey!
Kikubaaqudgha accepts your kill.
The dead are walking!
The killer bee zombie barely misses your orange demon.
The komodo dragon bites you!!
You die...
Kikubaaqudgha rasps: "You have failed me!
Welcome... death!"

#.......)
#######...Y....
..h............
...............
≈≈≈....Z......?
≈≈≈...Z........
≈≈≈≈..Zl4......
≈.....z@Z......
.P..###.....###
. #.....#
#.....# >.....#
#######


You could see a komodo dragon (poisoned), an ice beast, a howler monkey, a wight
(ally target), a killer bee zombie (distracted, weak, ally target), an unseen
horror zombie (ally target), a friendly orange demon (summoned) and 2 friendly
howler monkey zombies.

Vanquished Creatures
  Pikel (D:4)
  Menkaure (D:4)
  3 water moccasins
  Duvessa (D:6)
  An orc warrior (D:7)
  6 black bears
  2 ice beasts (D:5)
  An ogre (D:5)
  2 centaurs (D:7)
  A phantom (D:6)
  6 kobold brigands
  A bullfrog (D:6)
  2 necrophages
  2 scorpions (D:7)
  3 wights (D:7)
  Dowan (D:6)
  4 howler monkeys
  Crazy Yiuf (D:5)
  5 hounds
  A jelly (D:6)
  2 orc priests (D:7)
  Jessica (D:3)
  4 iguanas
  8 mummies (Ossuary)
  4 gnolls
  A river rat (D:6)
  7 adders
  A shadow imp (D:6)
  2 white imps
  5 worms
  A dart slug (D:2)
  9 orcs
  9 ball pythons
  7 bats
  6 endoplasms
  6 giant cockroaches
  3 gnoll zombies (Ossuary)
  7 goblins
  3 hobgoblins
  4 quokkas
  2 frilled lizards
  A hobgoblin zombie (Ossuary)
  11 kobolds
  2 kobold zombies (Ossuary)
  2 orc zombies (Ossuary)
  18 rats
171 creatures vanquished.

Vanquished Creatures (collateral kills)
  The ghost of pigah the Gusty, an amateur OpAE (D:6)
  A water moccasin (D:7)
2 creatures vanquished.

Vanquished Creatures (others)
  A howler monkey zombie (D:8)
  3 fungi (D:5)
  5 plants (D:5)
  4 toadstools (D:5)
13 creatures vanquished.

Grand Total: 186 creatures vanquished

Notes
Turn   | Place    | Note
-------+----------+-------------------------------------------
     0 | D:1      | mandarbmax the Demonspawn Venom Mage began the quest for
                  | the Orb.
     0 | D:1      | Reached XP level 1. HP: 13/13 MP: 3/3
    52 | D:1      | Reached skill level 1 in Transmutations
   327 | D:1      | Gained mutation: Your touch may inflict minor irresistible
                  | damage on your foes. [demonic ancestry]
   327 | D:1      | Reached XP level 2. HP: 8/19 MP: 3/5
   976 | D:1      | Reached skill level 4 in Poison Magic
  1320 | D:1      | Found a faded altar of an unknown god.
  1494 | D:2      | Reached XP level 3. HP: 24/24 MP: 4/6
  1789 | D:2      | Learned a level 3 spell: Mephitic Cloud
  1856 | D:2      | Found Faficimu's Magic Scroll Boutique.
  1859 | D:2      | Bought a scroll of fear for 42 gold pieces
  1859 | D:2      | Bought a scroll of identify for 24 gold pieces
  2684 | D:3      | Reached XP level 4. HP: 30/30 MP: 3/8
  2785 | D:3      | Learned a level 4 spell: Olgreb's Toxic Radiance
  3305 | D:3      | Found a blossoming altar of Fedhas.
  3308 | D:3      | Noticed Jessica
  3315 | D:3      | Killed Jessica
  3316 | D:3      | Reached skill level 1 in Air Magic
  3640 | D:3      | Reached skill level 1 in Evocations
  3689 | D:3      | Found a shimmering blue altar of Sif Muna.
  3839 | D:4      | Noticed a lemure
  3839 | D:4      | Noticed a lemure
  3839 | D:4      | Noticed Pikel
  3844 | D:4      | Noticed a lemure
  3846 | D:4      | Noticed a lemure
  3853 | D:4      | Killed Pikel
  3854 | D:4      | Reached skill level 5 in Poison Magic
  3854 | D:4      | Reached XP level 5. HP: 11/35 MP: 1/9
  3854 | D:4      | Gained mutation: Your touch may inflict irresistible damage
                  | on your foes. [demonic ancestry]
  3854 | D:4      | Reached XP level 6. HP: 13/41 MP: 1/10
  3854 | D:4      | Gained mutation: You are partially covered in large bone
                  | plates. (SH +4) [demonic ancestry]
  3854 | D:4      | Reached XP level 7. HP: 15/46 MP: 1/11
  3945 | D:4      | Noticed Menkaure
  4518 | D:4      | Reached skill level 6 in Poison Magic
  4716 | D:4      | Found a staircase to the Ecumenical Temple.
  4734 | Temple   | Entered the Ecumenical Temple
  5237 | D:4      | Killed Menkaure
  5631 | D:5      | Entered Level 5 of the Dungeon
  5635 | D:5      | Reached skill level 7 in Poison Magic
  5635 | D:5      | Gained mutation: A weak demonic guardian rushes to your
                  | aid. [demonic ancestry]
  5635 | D:5      | Reached XP level 8. HP: 52/52 MP: 14/14
  5947 | D:5      | Found a runed translucent door.
  5948 | D:5      | Noticed Crazy Yiuf
  6176 | D:5      | Found an ancient bone altar of Kikubaaqudgha.
  6380 | D:5      | Reached skill level 5 in Evocations
  6729 | D:5      | Reached skill level 5 in Spellcasting
  6963 | D:5      | Reached skill level 1 in Fighting
  7215 | D:5      | Killed Crazy Yiuf
  7418 | D:6      | Found a sand-covered staircase.
  7432 | Ossuary  | Entered an ossuary
  7435 | Ossuary  | Learned a level 1 spell: Shock
  7555 | Ossuary  | Reached skill level 1 in Conjurations
  7931 | D:6      | Found a glowing drain.
  7948 | Sewer    | Entered a sewer
  8413 | Sewer    | Reached XP level 9. HP: 63/65 MP: 12/16
  9343 | D:6      | Found a runed translucent door.
  9348 | D:6      | Noticed pigah's ghost (amateur OpAE)
  9515 | D:5      | Found a burning altar of Makhleb.
  9524 | D:5      | Became a worshipper of Kikubaaqudgha
  9547 | D:6      | Noticed Dowan
  9554 | D:6      | Killed Dowan
  9571 | D:6      | Noticed Duvessa
  9582 | D:6      | Killed Duvessa
  9903 | D:6      | Found an ornate altar of the Wu Jian Council.
  9940 | D:6      | Found a hide-covered altar of Uskayaw.
 10161 | D:6      | Learned a level 3 spell: Swiftness
 10327 | D:7      | Reached skill level 1 in Staves
 10561 | D:7      | Found a bloodstained altar of Trog.
 10641 | D:7      | Reached * piety under Kikubaaqudgha
 10641 | D:7      | Received a gift from Kikubaaqudgha
 10648 | D:7      | Learned a level 4 spell: Animate Dead
 10980 | D:7      | Noticed bchevrier's ghost (weakling GnWr)
 10985 | D:7      | Found a runed translucent gate.
 10985 | D:7      | Found a runed translucent gate.
 10985 | D:7      | Found a runed translucent gate.
 10986 | D:7      | Noticed a boulder beetle
 11066 | D:7      | Reached skill level 5 in Staves
 11069 | D:7      | Reached skill level 1 in Necromancy
 11405 | D:7      | Gained mutation: A demonic guardian rushes to your aid.
                  | [demonic ancestry]
 11405 | D:7      | Reached XP level 10. HP: 58/71 MP: 19/19
 11688 | D:6      | Learned a level 4 spell: Anguish
 11693 | D:6      | Killed pigah's ghost
 11852 | D:8      | HP: 2/69 [unseen horror zombie (4)]
 11855 | D:8      | Mangled by a komodo dragon

Illustrated notes

Levels and vault maps discovered:
D:1:      heliophobic_arrival_glass_houses, layout_rooms,
          ebering_ecumenical_altar_petrified, minmay_hexomino_p4
D:2:      layout_basic, serial_shops, nicolae_shop_window_shopping,
          corexii_leaking_fountain, kennysheep_generic_room_2
D:3:      layout_loops_cross, kennysheep_orc_sif_temple, fedhas_ov_isle_minmay,
          minivault_5, uniq_jessica
D:4:      layout_loops_ring, minmay_temple_entry_tees, grunt_ministairs_12,
          uniq_menkaure, uniq_pikel
D:5:      layout_gridville, nicolae_overflow_hidden_temple,
          minmay_gold_behind_fungi, st_stairs_8, minmay_misc_feat_encased,
          grunt_ministairs_4, roderic_roman_lattice, serial_bayou_lagoon_b,
          uniq_crazy_yiuf_cottage
D:6:      layout_loops_ring, nicolae_wu_jian_immortal_techniques,
          nicolae_uskayaw_suspiria, portal_sewer_entry_b,
          lightli_ossuary_entry_decrepit_ruins, ebering_ghost_reflecting_pool,
          uniq_duvessa
D:7:      layout_basic, trog_ov_bears_minmay, gammafunk_ghost_split
D:8:      minmay_ornate_pinched, layout_gridville, xom_redecorated,
          general_overflow_altar, serial_undead, serial_undead_c,
          serial_undead_e, serial_undead_e, serial_undead_b, serial_undead_e,
          serial_undead_f
Temple:   minmay_temple_bridge_abc

Skill      XL: |  1  2  3  4  5  6  7  8  9 10 |
---------------+-------------------------------+-----
Transmutations | 1 |  1.0
Dodging        | 2 4 |  4.0
Poison Magic   | 4 5 7 |  7.0
Spellcasting   | 3 4 5 6 |  6.0
Air Magic      | 3 |  3.0
Evocations     | 4 6 |  6.0
Fighting       | 3 4 |  4.0
Conjurations   | 2 |  2.0
Stealth        | 2 |  2.0
Staves         | 5 |  5.0
Necromancy     | 2 3 |  3.8

Action                   |  1- 3 |  4- 6 |  7- 9 | 10-12 || total
-------------------------+-------+-------+-------+-------++-------
Melee: Short sword       |    16 |       |       |       ||    16
       Unarmed           |     1 |       |       |       ||     1
       Touch             |     2 |       |    32 |     1 ||    35
       Staff             |       |     4 |   171 |     7 ||   182
       Punch             |       |       |     2 |       ||     2
 Cast: Sting             |    80 |    19 |    70 |       ||   169
       Olgreb's Toxic Ra |       |     6 |    68 |     2 ||    76
       Mephitic Cloud    |       |     1 |    21 |       ||    22
       Shock             |       |       |    86 |     5 ||    91
       Swiftness         |       |       |     1 |       ||     1
       Animate Dead      |       |       |       |     1 ||     1
       Anguish           |       |       |       |     1 ||     1
 Abil: Evoke Invisibilit |       |       |     1 |       ||     1
Evoke: Wand              |       |       |    15 |       ||    15
  Use: Scroll            |     1 |     2 |     8 |     1 ||    12
       Potion            |       |     1 |     4 |     1 ||     6
 Stab: Distracted        |       |       |     1 |       ||     1
       Sleeping          |       |       |     1 |       ||     1
Armor: Robe              |     7 |       |    32 |    12 ||    51
       Skin              |       |     5 |    53 |       ||    58
Dodge: Dodged            |    34 |     2 |    78 |    15 ||   129
Block: Other             |       |       |    22 |     3 ||    25

Table legend: (Time is in decaauts)
 A = Elapsed time spent in this place.
 B = Non-inter-level travel time spent in this place.
 C = Inter-level travel time spent in this place.
 D = Time resting spent in this place.
 E = Time spent auto-exploring this place.
 F = Levels seen in this place.
 G = Mean time per level.
                   A        B        C        D        E       F      G
               +--------+--------+--------+--------+--------+-----+--------+
         Total |  12035 |  11405 |    630 |    688 |   9178 |  11 | 1094.1 |
       Dungeon |   9924 |   9312 |    612 |    688 |   7424 |   8 | 1240.5 |
        Temple |    370 |    352 |     18 |      0 |    335 |   1 |  370.0 |
         Sewer |   1284 |   1284 |      0 |      0 |   1135 |   1 | 1284.0 |
       Ossuary |    457 |    457 |      0 |      0 |    284 |   1 |  457.0 |
               +--------+--------+--------+--------+--------+-----+--------+

Top non-repeatable levels by time:
     D:5: 1799 daAuts
     D:3: 1549 daAuts
     D:7: 1423 daAuts
     D:1: 1359 daAuts
     D:6: 1330 daAuts
   Sewer: 1284 daAuts
     D:2: 1246 daAuts
     D:4: 1203 daAuts
 Ossuary: 457 daAuts
  Temple: 370 daAuts
     D:8: 13 daAuts
